 Dungeon Crawl Stone Soup version 0.30.1-9-gdf580d7c3d (webtiles) character file.

Game seed: 10969052214480122945

214 Peloso the Covered (level 5, 0/46 HPs)
             Began as a Minotaur Fighter on Oct 12, 2023.
             Slain by an orc priest
             ... wielding a +0 war axe
              (7 damage)
             ... on level 4 of the Dungeon.
             The game lasted 00:05:10 (3066 turns).

Peloso the Covered (Minotaur Fighter)               Turns: 3066, Time: 00:05:11

Health: 0/46       AC: 12    Str: 21    XL:     5   Next: 59%
Magic:  0/4        EV:  6    Int:  5    God:
Gold:   103        SH:  5    Dex: 11    Spells: 4/4 levels left

rFire   . . .        a - +0 long sword
rCold   . . .        d - +0 buckler
rNeg    . . .        r - +0 plate armour
rPois   .            (helmet restricted)
rElec   .            (no cloak)
rCorr   +            (no gloves)
SInv    .            (no boots)
Will    .....        j - amulet of guardian spirit Stlth
                     k - ring of resist corrosion
HPRegen 0.27/turn    (no ring)
MPRegen 0.09/turn

%: guardian spirit
@: no status effects
A: horns 2, retaliatory headbutt
a: no special abilities


You were on level 4 of the Dungeon.
You visited 1 branch of the dungeon, and saw 4 of its levels.

You collected 207 gold pieces.
You spent 104 gold pieces at shops.

Inventory:

Hand Weapons
 a - a +0 long sword (weapon)
Armour
 b - a +0 scale mail
 c - a +0 chain mail
 d - a +0 buckler (worn)
 r - a +0 plate armour (worn)
Jewellery
 j - an amulet of guardian spirit (around neck)
 k - a ring of resist corrosion (left hand)
 t - a ring of protection from cold
Wands
 w - a wand of polymorph (5)
Scrolls
 e - a scroll of noise {unknown}
 g - a scroll of fear {unknown}
 h - 2 scrolls of magic mapping {unknown}
 i - 2 scrolls of teleportation {unknown}
 m - a scroll of identify {unknown}
 p - a scroll of silence {unknown}
 q - a scroll of summoning {unknown}
 u - a scroll of amnesia {unknown}
 v - a scroll of poison {unknown}
Potions
 f - a potion of flight {unknown}
 l - 2 potions of mutation
 n - a potion of brilliance {unknown}
 o - 2 potions of might


   Skills:
 + Level 4.2 Fighting
 + Level 4.6 Long Blades
 + Level 5.4 Armour
 + Level 0.4 Dodging
 + Level 0.1 Stealth
 + Level 4.4 Shields


You had 4 spell levels left.
You didn't know any spells.
Your spell library was empty.

Dungeon Overview and Level Annotations

Branches:
Dungeon (4/15)
 Temple: D:4-7

Altars:
Ashenzari
Wu Jian

Shops:
D:1 :   D:3 !?


Innate Abilities, Weirdness & Mutations

You have a pair of horns on your head.
You reflexively headbutt those who attack you in melee.


Message History

You feel better. The orc priest barely misses you.
Unknown command.
You barely miss the orc priest.
You headbutt the orc priest, but do no damage.
The orc priest is moderately wounded.
The orc priest barely misses you. You furiously retaliate!
You headbutt the orc priest.
Unknown command.
You hit the orc priest but do no damage.
The orc priest is moderately wounded.
The orc priest hits you with a +0 war axe.
You barely miss the orc priest.
The orc priest is moderately wounded.
The orc priest hits you but does no damage.
You hit the orc priest but do no damage.
Your headbutt misses the orc priest.
The orc priest is moderately wounded.
The orc priest looks encouraged for a moment.
The orc priest closely misses you.
You barely miss the orc priest.
You headbutt the orc priest, but do no damage.
The orc priest is moderately wounded.
The orc priest hits you with a +0 war axe.
You barely miss the orc priest.
The orc priest is moderately wounded.
The orc priest hits you but does no damage.
You barely miss the orc priest.
You headbutt the orc priest, but do no damage.
The orc priest is moderately wounded.
The orc priest looks encouraged for a moment.
You closely miss the orc priest.
The orc priest is moderately wounded.
The orc priest hits you but does no damage.
The orc priest mumbles some strange prayers to Beogh against you.
Beogh smites you!
* * * LOW HITPOINT WARNING * * *
You hit the orc priest but do no damage.
The orc priest is moderately wounded.
The orc priest hits you with a +0 war axe!
You die...

## #. ..... |. #. ....#.
#########. .....
.......... #....
.......... #...#+#
.......... .. +...#@#
.......... ....+#..#o#
.......... ........#.###
..........
......o..[..###...........
.......##.................
....... ###..##########...
....o.. ##.....# #...
......o ##.....# ##..
....?.. #......# #..


You could see an orc priest.

Vanquished Creatures
  A sleepcap (D:2)
  An orc wizard (D:4)
  A hound zombie (D:4)
  3 gnolls
  5 adders
  An adder zombie (D:4)
  2 worms
  4 dart slugs
  2 orcs (D:4)
  8 endoplasms
  2 giant cockroaches (D:4)
  3 goblins
  6 hobgoblins
  3 kobolds
  6 ball pythons
  4 bats
  3 frilled lizards
  8 rats
63 creatures vanquished.

Notes
Turn   | Place    | Note
-------+----------+-------------------------------------------
     0 | D:1      | Peloso the Minotaur Fighter began the quest for the Orb.
     0 | D:1      | Reached XP level 1. HP: 19/19 MP: 0/0
   169 | D:1      | Reached skill level 4 in Armour
   273 | D:1      | Reached XP level 2. HP: 25/27 MP: 1/1
   594 | D:1      | Found Wogeesox's Book Emporium.
  1024 | D:2      | Reached XP level 3. HP: 33/33 MP: 2/2
  1290 | D:2      | Reached XP level 4. HP: 38/40 MP: 3/3
  1899 | D:3      | Found a broken altar of Ashenzari.
  1982 | D:3      | Found Niptenuo's Distillery.
  1994 | D:3      | Bought a potion of mutation for 104 gold pieces
  1998 | D:3      | Found Aziytyh's Magic Scroll Emporium.
  2192 | D:3      | Found a faded altar of an unknown god.
  2538 | D:3      | Found an ornate altar of the Wu Jian Council.
  2796 | D:4      | Reached XP level 5. HP: 46/46 MP: 4/4
  2919 | D:4      | Reached skill level 5 in Armour
  3066 | D:4      | Slain by an orc priest

Illustrated notes

Levels and vault maps discovered:
D:1:      sevenhm_arrival_forest_fort_large_2, layout_basic, serial_shops, shop
D:2:      layout_loops_ring, minmay_ruptured
D:3:      layout_basic, evilmike_ruin_ashenzari,
          pdpol_wu_jian_five_deadly_venoms, serial_shops,
          nicolae_shop_temple_entry_statues_fountains,
          nicolae_shop_industrial_runoff, hellmonk_ecumenical_altar_zigzags
D:4:      layout_basic, serial_undead, serial_undead_e, serial_undead_f,
          serial_undead_f, serial_undead_b, minmay_misc_feat_tiny

Skill      XL: |  1  2  3  4  5 |
---------------+----------------+-----
Armour         | 4 5 |  5.4
Long Blades    | 3 4 |  4.6
Shields        | 4 |  4.4
Fighting       | 4 |  4.2
Dodging        | |  0.4
Stealth        | |  0.1

Action                     |  1- 3 |  4- 6 || total
---------------------------+-------+-------++-------
  Melee: Long sword        |    72 |   125 ||   197
         Headbutt          |    10 |    21 ||    31
    Use: Potion            |     3 |     2 ||     5
 Armour: Scale mail        |    33 |     9 ||    42
         Plate armour      |       |    57 ||    57
         Chain mail        |       |    11 ||    11
  Dodge: Dodged            |    37 |    39 ||    76
  Block: Buckler           |    13 |    33 ||    46
